 Dungeon Crawl Stone Soup version 0.29.0-4-gdea44cf6ec (webtiles) character file.

Game seed: 5785521826535288735

9 qw the Sneak (level 2, -1/19 HPs)
             Began as a Gargoyle Delver on Sept 10, 2022.
             Slain by a white imp (2 damage)
             ... on level 5 of the Dungeon.
             The game lasted 00:00:02 (106 turns).

qw the Sneak (Gargoyle Delver)                       Turns: 106, Time: 00:00:03

Health: -1/19      AC:  5    Str: 15    XL:     2   Next: 12%
Magic:  2/2        EV: 11    Int: 10    God:
Gold:   9          SH:  0    Dex: 11    Spells: 1/1 levels left

rFire   . . .      SeeInvis .   a - +0 hand axe
rCold   . . .      Faith    .   (no shield)
rNeg    + . .      Spirit   .   b - +0 leather armour
rPois   inf        Reflect  .   (no helmet)
rElec   +          Harm     .   (no cloak)
rCorr   .          Rampage  .   (no gloves)
Will    .....                   (no boots)
Stlth   +++.......              (no amulet)
HPRegen 0.06/turn               (no ring)
MPRegen 0.08/turn               (no ring)

@: no status effects
A: sickness immunity, AC +2, negative energy resistance 1, electricity
resistance, torment resistance 1, petrification resistance
a: no special abilities


You were on level 5 of the Dungeon.
You visited 1 branch of the dungeon, and saw 1 of its levels.

You collected 9 gold pieces.


Innate Abilities, Weirdness & Mutations

You are immune to sickness and miasma.
Your stone body is resilient. (AC +2)
You are immune to poison.
You resist negative energy. (rN+)
You are resistant to electric shocks. (rElec)
You are resistant to unholy torment.
You are immune to petrification.


   Skills:
 - Level 3.2 Fighting
 + Level 2.5 Axes
 - Level 1.5 Dodging
 - Level 5.4 Stealth


You had one spell level left.
You didn't know any spells.
Your spell library was empty.

Inventory:

Hand Weapons
 a - a +0 hand axe (weapon)
Armour
 b - a +0 leather armour (worn)
 h - a +0 ring mail
Wands
 g - a wand of digging (3)
Scrolls
 c - a scroll of fog
 d - a scroll of magic mapping
 e - a scroll of fear
Potions
 f - 2 potions of haste

Dungeon Overview and Level Annotations

Branches:
Dungeon (5/15)
 Temple: D:4-7

Altars:
The Shining One


Message History

The hound barks!
You hear a howl!
The hound moves out of view.
Enter note: A hound is nearby!
You miss the hound. The hound bites you but does no damage.
The hound bites you.
You hit the hound.
The hound is lightly wounded.
The hound bites you but does no damage.
A white imp comes into view.
You closely miss the hound.
The hound is lightly wounded.
The hound barely misses you. The hound bites you but does no damage.
You hit the hound but do no damage.
The hound is lightly wounded.
The hound closely misses you. The hound barely misses you.
You hit the hound.
The hound is lightly wounded.
The hound bites you but does no damage. x2
You barely miss the hound.
The hound is lightly wounded.
The hound closely misses you.
You closely miss the hound.
The hound is lightly wounded.
The hound bites you. The hound misses you. The white imp barely misses you.
You hit the hound.
The hound is moderately wounded.
You hit the white imp but do no damage. The hound bites you but does no damage.
The hound barely misses you.
The white imp hits you but does no damage.
You completely miss the hound.
The hound is moderately wounded.
You closely miss the white imp. The hound bites you. The white imp hits you.
The white imp freezes you. The hound bites you but does no damage.
You hit the hound but do no damage.
The hound is moderately wounded.
You hit the white imp. The hound bites you. The white imp hits you.
The white imp freezes you.
You die...

#. .. #. ##.
.. #.## #
#5h# #. #@#
#.##.##
##.....#
#......#
.....##.##
####. #.##
###.##..#
.###.....###
.........#.#


You could see a hound and a white imp.

Vanquished Creatures
  An adder (D:5)
1 creature vanquished.

Vanquished Creatures (others)
  4 plants (D:5)
4 creatures vanquished.

Grand Total: 5 creatures vanquished

Notes
Turn   | Place    | Note
-------+----------+-------------------------------------------
     0 | D:5      | qw the Gargoyle Delver began the quest for the Orb.
     0 | D:5      | Reached XP level 1. HP: 14/14 MP: 1/1
     0 | D:5      | 0 ||| qw: Version: 0.1-a-116-g5d60599
     0 | D:5      | 0 ||| qw: Game counter: 8742
     0 | D:5      | 0 ||| qw: Always use a shield: true
     0 | D:5      | 0 ||| qw: God list: Okawaru
     0 | D:5      | 0 ||| qw: Allow faded altars: false
     0 | D:5      | 0 ||| qw: Do Orc after D:15 true
     0 | D:5      | 0 ||| qw: Do second Lair branch before Depths: true
     0 | D:5      | 0 ||| qw: Lair rune preference: random
     0 | D:5      | 0 ||| qw: Plans: Normal
     0 | D:5      | 0 ||| PLANNING D:1-11
    28 | D:5      | Reached XP level 2. HP: 17/19 MP: 2/2
    70 | D:5      | Found a glowing golden altar of the Shining One.
   105 | D:5      | HP: 3/19 [white imp (2)]
   106 | D:5      | HP: 1/19 [white imp (1)]
   106 | D:5      | Slain by a white imp

Levels and vault maps discovered:
D:5:      kennysheep_windowed_halls, layout_loops_ring,
          grunt_temple_overflow_holy_war, gammafunk_ghost_necromancy,
          nicolae_grassy_gnolls, uniq_duvessa

Skill      XL: |  1 |
---------------+----+-----
Axes           | 2 |  2.5
Fighting       | |  3.2
Dodging        | |  1.5
Stealth        | |  5.4

Action                   || total
-------------------------++-------
Melee: Hand axe          ||    14
       Punch             ||     1
Armor: Leather armour    ||     9
Dodge: Dodged            ||    10

Table legend:
 A = Non-vault XP
 B = Vault XP
 C = Vault XP percentage of total XP
 D = Non-vault monster count
 E = Vault monster count
 F = Vault count percentage of total count
                 A         B        C        D         E       F
            +---------+---------+-------+---------+---------+-------
      Total |      13 |       0 |   0.0 |       1 |       0 |   0.0
            +---------+---------+-------+---------+---------+-------
        D:5 |      13 |       0 |   0.0 |       1 |       0 |   0.0
            +---------+---------+-------+---------+---------+-------
